 Dungeon Crawl Stone Soup version 0.24.1-14-gf8d2b509d9 (console) character file.

Game seed: 14503471836025423358, levelgen mode: deterministic

24 Kagalorn the Ruffian (level 3, 0/29 HPs)
             Began as a Barachi Warper on Aug 12, 2020.
             Slain by an adder (4 damage)
             ... on level 3 of the Dungeon.
             The game lasted 00:03:14 (418 turns).

Kagalorn the Ruffian (Barachi Warper)                Turns: 418, Time: 00:03:15

Health: 0/29       AC:  4    Str: 13    XL:     3   Next: 2%
Magic:  6/6        EV: 12    Int: 13    God:
Gold:   32         SH:  0    Dex: 11    Spells: 6/6 levels left

rFire    + . .     SeeInvis .   e - +0 quarterstaff
rCold    + . .     Gourm    .   (shield currently unavailable)
rNeg     . . .     Faith    .   a - +1 leather armour
rPois    +         Spirit   .   (no helmet)
rElec    +         Reflect  .   (no cloak)
rCorr    +         Harm     .   (no gloves)
MR       .....                  (no boots)
Stlth    +.........             (no amulet)
HPRegen  0.09/turn              (no ring)
MPRegen  0.10/turn              (no ring)

@: resistant, can't hop, slow
A: +LOS, swims, slowness 1, strong legs 1
a: Hop


You were on level 3 of the Dungeon.
You were not hungry.

You visited 1 branch of the dungeon, and saw 3 of its levels.

You collected 32 gold pieces.

Inventory:

Hand Weapons
 e - a +0 quarterstaff (weapon)
Armour
 a - a +1 leather armour (worn)
Comestibles
 c - 2 chunks of flesh
 f - 2 rations


   Skills:
 + Level 3.0 Fighting
 - Level 1.0 Throwing
 - Level 1.2 Armour
 - Level 2.1 Dodging
 * Level 3.3 Unarmed Combat
 - Level 2.1 Spellcasting
   Level 3.2 Translocations


You had 6 spell levels left.
You didn't know any spells.
Your spell library contained the following spells:

 Spells                   Type           Power        Failure   Level  Hunger
 Blink                    Tloc           N/A          12%         2    ###....
 Shroud of Golubria       Chrm/Tloc      #.....       24%         2    ###....
 Gell's Gravitas          Tloc           #.........   24%         3    ####...
 Lesser Beckoning         Tloc           #.........   24%         3    ####...
 Teleport Other           Tloc           #.......     24%         3    ####...
 Passage of Golubria      Tloc           N/A          63%         4    #####..


Dungeon Overview and Level Annotations

Branches:
Dungeon (3/15)

Altars:
Kikubaaqudgha

Annotations:
D:2 Sigmund


Innate Abilities, Weirdness & Mutations

Shadows flee at your approach. (+LOS)
You can swim through water.
You cover ground slowly.
You can hop short distances.


Message History

* * * LOW HITPOINT WARNING * * *
Throwing (i - inventory)
d - a boomerang of dispersal (quivered)
Press: ? - help, Shift-Dir - straight line, f/p - adder
Aim: an adder You throw a boomerang of dispersal.
The boomerang of dispersal closely misses the adder.
The bat closely misses you. The adder barely misses you.
The goblin barely misses you. The adder bites you but does no damage.
You miss the adder. The adder bites you.
* * * LOW HITPOINT WARNING * * *
The goblin misses you. The bat closely misses you.
The adder closely misses you. The goblin barely misses you.
You completely miss the adder. The bat hits you but does no damage.
The bat closely misses you. The adder bites you but does no damage.
The goblin misses you.
You barely miss the adder. The adder bites you but does no damage.
The bat hits you but does no damage. The goblin closely misses you.
The adder bites you but does no damage. The bat hits you but does no damage.
You closely miss the adder. The bat barely misses you. The adder bites you.
You die...

##...............
#..).............
#..............).
#.......g........
#..........S.....
#..b..####.......
#.....# #######
#..gS.# #..@..#
#######


You could see an adder, a goblin and a bat.

Vanquished Creatures
  An ooze (D:2)
  A ball python (D:2)
  2 bats (D:2)
  A giant cockroach (D:3)
  2 goblins (D:2)
  3 hobgoblins (D:2)
  2 jackals (D:3)
  A quokka (D:3)
  A kobold (D:2)
  3 rats (D:2)
17 creatures vanquished.

Notes
Turn   | Place    | Note
-------+----------+-------------------------------------------
     0 | D:1      | Kagalorn the Barachi Warper began the quest for the Orb.
     0 | D:1      | Reached XP level 1. HP: 17/17 MP: 3/3
    55 | D:2      | Found an ancient bone altar of Kikubaaqudgha.
    89 | D:2      | Reached XP level 2. HP: 19/23 MP: 5/5
   283 | D:2      | Reached XP level 3. HP: 11/29 MP: 6/6
   370 | D:2      | Noticed Sigmund
   418 | D:3      | Slain by an adder

Levels and vault maps discovered:
D:1:      scummos_arrival_star, layout_basic, hangedman_decor_points
D:2:      layout_loops_ring, kiku_gazebo_pond_becter, led_sif_pool,
          first_ration, cheibriados_altar_1, uniq_sigmund
D:3:      minmay_angry_zag, layout_basic, lightli_temple_of_fire

Skill      XL: |  1  2 |
---------------+-------+-----
Unarmed Combat | 3 |  3.3
Fighting       | 3 |  3.0
Throwing       | |  1.0
Armour         | |  1.2
Dodging        | |  2.1
Spellcasting   | |  2.1
Translocations | |  3.2

Action                   || total
-------------------------++-------
Melee: Unarmed           ||    11
       Quarterstaff      ||    49
       Punch             ||     1
Throw: Boomerang         ||     5
 Abil: Hop               ||     2
  Use: Potion            ||     3
       Scroll            ||     5
Armor: Leather armour    ||    25
Dodge: Dodged            ||    78
